 Dungeon Crawl Stone Soup version 0.31-a0-460-g9e667d4245 (webtiles) character file.

Game seed: 14358801836396748107

2200 AiryTheDragon the Magician (level 9, -2/63 HPs)
             Began as a Demonspawn Hedge Wizard on Aug 4, 2023.
             Was a Priest of Vehumet.
             Slain by a neqoxec (7 damage)
             ... on level 5 of the Abyss on Aug 5, 2023.
             The game lasted 01:19:12 (5098 turns).

AiryTheDragon the Magician (DsHW)                   Turns: 5098, Time: 01:19:18

Health: -2/63      AC: 10    Str: 12    XL:     9   Next: 12%
Magic:  11/17      EV: 12    Int: 19    God:    Vehumet [***...]
Gold:   361        SH:  0    Dex: 12    Spells: 6/19 levels left

rFire   + . .        l - +2 halberd (flame)
rCold   . . .        (shield currently unavailable)
rNeg    . . .        A - +1 leather armour {rC+}
rPois   .            c - +2 hat
rElec   .            x - +2 cloak
rCorr   .            j - +0 pair of gloves
SInv    .            (no boots)
Will    +....        (no amulet)
Stlth   +++          a - ring of fire
HPRegen 0.30/turn    u - ring of willpower
MPRegen 0.15/turn

%: random rage (3%)
@: no status effects
A: molten scales 1, demonic guardian 2, spiny 2, weakness stinger 1, berserk 1,
deformed body
a: Renounce Religion


You were on level 5 of the Abyss.
You worshipped Vehumet.
Vehumet was most pleased with you.
You visited 2 branches of the dungeon, and saw 8 of its levels.
You visited the Abyss 1 time.

You collected 361 gold pieces.

Inventory:

Hand Weapons
 i - a +0 dagger of distortion
 l - a +2 halberd of flaming (weapon)
 E - a +2 flail of protection
 G - a +2 flail
Missiles
 f - 10 curare-tipped darts
 q - 4 boomerangs
 s - 5 poisoned darts
Armour
 c - a +2 hat (worn)
 j - a +0 pair of gloves (worn)
 r - the +0 robe of the Burning Slorg {Str+2}
   (You found it on level 3 of the Dungeon)

   Str:       It affects your strength (+2).
 x - a +2 cloak (worn)
 A - a +1 leather armour of cold resistance (worn)
 F - +0 acid dragon scales
 H - a +0 robe of fire resistance
Magical Staves
 m - a staff of air
Jewellery
 a - a ring of fire (left hand)
 u - a ring of willpower (right hand)
Wands
 w - a wand of flame (16)
Scrolls
 g - a scroll of teleportation
 p - a scroll of revelation
 t - a scroll of fog
 y - a scroll of noise
Potions
 d - a potion of magic
 n - a potion of curing
 z - a potion of lignification
 B - a potion of enlightenment
 D - a potion of attraction


   Skills:
 + Level 3.0 Fighting
 + Level 2.7 Short Blades
 + Level 0.1 Polearms
 + Level 0.2 Throwing
 + Level 2.1 Armour
 + Level 4.0 Dodging
 + Level 5.1 Stealth
 + Level 5.9 Spellcasting
 + Level 3.3 Conjurations
 + Level 0.5 Hexes
 + Level 2.5 Summonings
 + Level 0.8 Translocations
 + Level 0.3 Fire Magic
 + Level 1.5 Ice Magic
 + Level 1.1 Air Magic
 + Level 1.9 Poison Magic
 * Level 3.2 Evocations


You had 6 spell levels left.
You knew the following spells:

 Your Spells              Type           Power      Damage    Failure   Level
a - Magic Dart            Conj           72%        1d6       1%          1
b - Call Imp              Summ           30%        N/A       8%          2
c - Blink                 Tloc           16%        N/A       16%         2
d - Freeze                Ice            44%        1d6       2%          1
e - Sandblast             Erth           10%        2d5       4%          1
f - Mephitic Cloud        Conj/Pois/Air  13%        N/A       5%          3
g - Inner Flame           Hex/Fire       10%        N/A       10%         3

Your spell library contained the following spells:

 Spells                   Type           Power      Damage    Failure   Level
 Volatile Blastmotes      Fire/Tloc      22%        2d11      9%          3
 Slow                     Hex            28%        N/A       12%         1
 Cigotuvi's Dreadful Rot  Necr/Pois/Air  18%        N/A       14%         2
 Manifold Assault         Tloc           8%         N/A       69%         4


Dungeon Overview and Level Annotations

Branches:
Dungeon (7/15)             Temple (1/1) D:6

Altars:
Ashenzari
Dithmenos
Fedhas
Gozag
Hepliaklqana
Kikubaaqudgha
Makhleb
Nemelex Xobeh
Okawaru
Ru
Sif Muna
Trog
Uskayaw
Vehumet
Wu Jian
Xom
Yredelemnul


Innate Abilities, Weirdness & Mutations

You are partially covered in molten scales. (AC +2)
A demonic guardian rushes to your aid.
You are mostly covered in sharp spines.
You have a small tail.
You sometimes lose your temper in combat.
Armour fits poorly on your strangely shaped body.


Message History

A tiny devil pulls itself out of the air.
A neqoxec comes into view.
The lich gestures at you while chanting.
You resist with significant effort.
A neqoxec comes into view.
Found a runelight.
The neqoxec shouts!
The neqoxec gestures at you.
Strange energies course through your body.
You feel a little pissed off. The neqoxec gestures at you.
Strange energies course through your body.
Your body twists and deforms.
The lich mumbles some strange words.
The lich seems to speed up.
The neqoxec hits you!
You hit the neqoxec. You burn the neqoxec.
The neqoxec is lightly wounded.
Your cerulean imp barely misses the neqoxec.
The lich gestures wildly while chanting.
The lich flickers and vanishes!
Deactivating autopickup; reactivate with Ctrl-A.
The neqoxec is struck by your spines. The neqoxec hits you!
* * * LOW HITPOINT WARNING * * *
Your cerulean imp barely misses the neqoxec.
As you read the scroll of fog, it dissolves into smoke.
The neqoxec is struck by your spines. The neqoxec hits you!
* * * LOW HITPOINT WARNING * * *
A demonic guardian appears!
Your cerulean imp hits the neqoxec but does no damage.
Okay, then.
Casting: Call Imp (safe; 8% risk of failure)
Confirm with . or Enter, or press ? or * to list all spells.
Okay, then.
You barely miss the neqoxec.
The neqoxec is moderately wounded.
The neqoxec is struck by your spines. The neqoxec hits you.
* * * LOW HITPOINT WARNING * * *
Your cerulean imp hits the neqoxec but does no damage.
The neqoxec is struck by your spines. The neqoxec hits you!
You die...

......
......#.....#
#..##..........#
.. ....
..##..#.#..#. ##.
#...#....#...#..
#.####.. ..#.#.#
......##§#.....#
.....
#.33.{4§.#.#
.......#..§5{§§.#
3####
#####@§§#...#
φ#3#§..###
#§§##.# #### #


You could see 2 neqoxecs, a friendly rust devil (summoned, wandering) and a
friendly cerulean imp (summoned).

Vanquished Creatures
  A chaos spawn (Abyss:3)
  Duvessa (D:7)
  A water moccasin (D:7)
  An ice beast (D:6)
  A black bear (D:4)
  3 ogres
  A bullfrog (D:6)
  3 scorpions
  3 wights (D:7)
  Dowan (D:7)
  4 killer bees (D:6)
  A hound (D:5)
  A quasit (Abyss:3)
  4 jellies
  4 iguanas
  2 orc wizards (D:5)
  6 gnolls (D:5)
  6 adders
  A worm (D:2)
  4 dart slugs
  7 orcs
  3 bats
  7 endoplasms
  3 giant cockroaches
  8 goblins
  7 hobgoblins
  3 jackals (D:1)
  5 kobolds
  5 quokkas
  10 ball pythons
  4 frilled lizards
  11 rats
122 creatures vanquished.

Vanquished Creatures (collateral kills)
  A water moccasin (D:5)
  3 gnolls (D:5)
  An orc (D:5)
5 creatures vanquished.

Vanquished Creatures (others)
  3 foxfires (Abyss:3)
3 creatures vanquished.

Grand Total: 130 creatures vanquished

Notes
Turn   | Place    | Note
-------+----------+-------------------------------------------
     0 | D:1      | AiryTheDragon the Demonspawn Hedge Wizard began the quest
                  | for the Orb.
     0 | D:1      | Reached XP level 1. HP: 13/13 MP: 4/4
   235 | D:1      | Gained mutation: You are partially covered in sharp spines.
                  | [demonic ancestry]
   235 | D:1      | Reached XP level 2. HP: 19/19 MP: 4/6
   283 | D:1      | Learned a level 2 spell: Call Imp
   286 | D:1      | Learned a level 2 spell: Blink
   821 | D:2      | Gained mutation: You are mostly covered in sharp spines.
                  | [demonic ancestry]
   821 | D:2      | Reached XP level 3. HP: 22/24 MP: 8/8
   828 | D:2      | Found a faded altar of an unknown god.
   867 | D:2      | Prayed at the altar of an unknown god.
   867 | D:2      | Became a worshipper of Vehumet
   867 | D:2      | Reached * piety under Vehumet
   867 | D:2      | Offered knowledge of Freeze by Vehumet.
   870 | D:2      | Learned a level 1 spell: Freeze
  1242 | D:2      | Gained mutation: You are partially covered in molten
                  | scales. (AC +2) [demonic ancestry]
  1242 | D:2      | Reached XP level 4. HP: 13/30 MP: 5/9
  1320 | D:2      | Upgraded the game from 0.31-a0-455-g1a7b003ef0 to
                  | 0.31-a0-460-g9e667d4245
  1484 | D:2      | Offered knowledge of Sandblast by Vehumet.
  1491 | D:2      | Learned a level 1 spell: Sandblast
  1495 | D:2      | Learned a level 3 spell: Mephitic Cloud
  1544 | D:2      | Reached ** piety under Vehumet
  1857 | D:3      | Found a blossoming altar of Fedhas.
  1925 | D:3      | Identified the +0 robe of the Burning Slorg {Str+2}
  1967 | D:3      | Reached skill level 1 in Short Blades
  2495 | D:4      | Gained mutation: A weak demonic guardian rushes to your
                  | aid. [demonic ancestry]
  2495 | D:4      | Reached XP level 5. HP: 33/36 MP: 8/11
  2650 | D:4      | Noticed a black bear
  2662 | D:4      | Killed a black bear
  2663 | D:4      | Reached skill level 1 in Ice Magic
  2999 | D:5      | Entered Level 5 of the Dungeon
  3012 | D:5      | Noticed an ogre
  3013 | D:5      | Noticed a water moccasin
  3015 | D:5      | Gained mutation: A demonic guardian rushes to your aid.
                  | [demonic ancestry]
  3015 | D:5      | Reached XP level 6. HP: 19/42 MP: 0/12
  3103 | D:5      | Killed a water moccasin
  3104 | D:5      | Reached XP level 7. HP: 21/47 MP: 3/14
  3108 | D:5      | Offered knowledge of Inner Flame by Vehumet.
  3113 | D:5      | Learned a level 3 spell: Inner Flame
  3121 | D:5      | Reached skill level 1 in Fighting
  3208 | D:5      | Reached skill level 5 in Spellcasting
  3567 | D:5      | Reached skill level 1 in Poison Magic
  3567 | D:5      | Reached skill level 1 in Evocations
  3660 | D:5      | Found a sacrificial altar of Ru.
  3660 | D:5      | Found a hide-covered altar of Uskayaw.
  3664 | D:5      | Found a shimmering altar of Xom.
  3667 | D:5      | Found a broken altar of Ashenzari.
  3670 | D:5      | Reached *** piety under Vehumet
  3738 | D:5      | Gained mutation: You have a small tail. [demonic ancestry]
  3738 | D:5      | Reached XP level 8. HP: 56/56 MP: 6/16
  3957 | D:6      | Found a staircase to the Ecumenical Temple.
  3996 | Temple   | Entered the Ecumenical Temple
  4531 | D:7      | Reached skill level 1 in Air Magic
  4568 | D:7      | Reached skill level 1 in Armour
  4693 | D:7      | Noticed Duvessa
  4696 | D:7      | Noticed Dowan
  4713 | D:7      | Killed Duvessa
  4714 | D:7      | Reached XP level 9. HP: 27/62 MP: 17/17
  4719 | D:7      | Killed Dowan
  4720 | D:7      | Reached skill level 5 in Stealth
  4839 | Abyss:3  | Noticed a rakshasa
  4839 | Abyss:3  | Cast into level 3 of the Abyss (unwielding a weapon of
                  | distortion)
  4845 | Abyss:3  | Noticed an orb spider
  4845 | Abyss:3  | Noticed a worldbinder
  4845 | Abyss:3  | Noticed a rakshasa
  4845 | Abyss:3  | Noticed a will-o-the-wisp
  4847 | Abyss:3  | Noticed a freezing wraith
  4847 | Abyss:3  | Noticed a necromancer
  4847 | Abyss:3  | Noticed a sixfirhy
  4847 | Abyss:3  | Noticed a tentacled starspawn
  4847 | Abyss:3  | Noticed a tentacled starspawn
  4847 | Abyss:3  | Noticed a worldbinder
  4847 | Abyss:3  | Noticed a wretched star
  4847 | Abyss:3  | Noticed a necromancer
  4851 | Abyss:3  | Noticed a freezing wraith
  4855 | Abyss:3  | Noticed a skeletal warrior
  4866 | Abyss:3  | Offered knowledge of Volatile Blastmotes by Vehumet.
  4872 | Abyss:3  | Noticed a deep elf knight
  4972 | Abyss:3  | Noticed a large abomination
  4983 | Abyss:3  | Noticed a will-o-the-wisp
  4983 | Abyss:3  | Noticed a thrashing horror
  5002 | Abyss:3  | Found a corrupted altar of Lugonu.
  5012 | Abyss:3  | Noticed a thrashing horror
  5013 | Abyss:3  | Noticed a thrashing horror
  5014 | Abyss:3  | Noticed a thrashing horror
  5018 | Abyss:3  | Noticed a smoke demon
  5075 | Abyss:4  | Noticed a starcursed mass
  5079 | Abyss:4  | Found a corrupted altar of Lugonu.
  5087 | Abyss:5  | Noticed a lich
  5092 | Abyss:5  | Gained mutation: You sometimes lose your temper in combat.
                  | [a neqoxec]
  5093 | Abyss:5  | Gained mutation: Armour fits poorly on your strangely
                  | shaped body. [a neqoxec]
  5098 | Abyss:5  | Slain by a neqoxec

Illustrated notes

Levels and vault maps discovered:
D:1:      pf_arrival_petrified_forest, layout_rooms, minmay_misc_feat_ornament
D:2:      layout_basic, dreamdust_ecumenical_altar_statues,
          serial_bayou_lagoon_b
D:3:      layout_loops_cross, mainiacjoe_overflow_24_doors
D:4:      layout_cave_pools, lemuel_crystal_altar
D:5:      layout_rooms, grunt_temple_overflow_cloverleaf
D:6:      layout_cave_pools, minmay_temple_entry_drinking_statues
D:7:      layout_gridville, uniq_duvessa
Temple:   eino_temple_water
Abyss:5:  base: D:5, evilmike_abyss_exit_glass, hangedman_abyss_or_decor_slice,
          nicolae_abyss_rune_star_stuff, guppyfry_abyss_exit_glass_guarded,
          evilmike_abyss_exit_15

Skill      XL: |  1  2  3  4  5  6  7  8  9 |
---------------+----------------------------+-----
Dodging        | 2 3 4 |  4.0
Stealth        | 2 3 4 5 |  5.1
Short Blades   | 1 2 |  2.7
Spellcasting   | 4 5 |  5.9
Ice Magic      | 1 |  1.5
Fighting       | 1 2 3 |  3.0
Conjurations   | 2 3 |  3.3
Poison Magic   | 1 |  1.9
Evocations     | 1 3 |  3.2
Summonings     | 2 |  2.5
Air Magic      | 1 |  1.1
Armour         | 2 |  2.1
Polearms       | |  0.1
Throwing       | |  0.2
Hexes          | |  0.5
Translocations | |  0.8
Fire Magic     | |  0.3

Action                     |  1- 3 |  4- 6 |  7- 9 || total
---------------------------+-------+-------+-------++-------
  Melee: Dagger            |    67 |    62 |    98 ||   227
         Punch             |       |     1 |     1 ||     2
         Tailslap          |       |       |     6 ||     6
         Halberd           |       |       |    19 ||    19
  Throw: Dart              |     2 |       |     1 ||     3
         Boomerang         |       |       |     1 ||     1
   Cast: Magic Dart        |    27 |    22 |    33 ||    82
         Call Imp          |     4 |       |    20 ||    24
         Freeze            |     2 |     6 |     4 ||    12
         Mephitic Cloud    |       |     3 |    13 ||    16
         Sandblast         |       |       |     1 ||     1
         Inner Flame       |       |       |     1 ||     1
         Blink             |       |       |     3 ||     3
  Evoke: Wand              |       |       |     2 ||     2
    Use: Potion            |       |     2 |     7 ||     9
         Scroll            |       |       |    16 ||    16
   Stab: Sleeping          |     3 |     6 |     4 ||    13
         Distracted        |     1 |       |       ||     1
         Confused          |       |     1 |     3 ||     4
 Armour: Robe              |    11 |    13 |     6 ||    30
         Skin              |       |       |     4 ||     4
         Leather armour    |       |       |    32 ||    32
  Dodge: Dodged            |    38 |    40 |    58 ||   136

Table legend: (Time is in decaauts)
 A = Elapsed time spent in this place.
 B = Non-inter-level travel time spent in this place.
 C = Inter-level travel time spent in this place.
 D = Time resting spent in this place.
 E = Time spent auto-exploring this place.
 F = Levels seen in this place.
 G = Mean time per level.
                   A        B        C        D        E       F      G
               +--------+--------+--------+--------+--------+-----+--------+
         Total |   5081 |   4972 |    109 |    346 |   3595 |  11 |  461.9 |
       Dungeon |   4827 |   4718 |    109 |    202 |   3595 |   7 |  689.6 |
        Temple |      1 |      1 |      0 |      0 |      0 |   1 |    1.0 |
         Abyss |    252 |    252 |      0 |    143 |      0 |   3 |   84.0 |
               +--------+--------+--------+--------+--------+-----+--------+

Top non-repeatable levels by time:
     D:2: 956 daAuts
     D:1: 814 daAuts
     D:5: 791 daAuts
     D:3: 731 daAuts
     D:6: 630 daAuts
     D:4: 591 daAuts
     D:7: 312 daAuts
 Abyss:3: 182 daAuts
 Abyss:4: 57 daAuts
 Abyss:5: 12 daAuts
  Temple: 1 daAuts
